cohdb
Replays
Latest Replays
All Replays
Popular Replays
Top Player Replays
Match Explorer
How It Works
Community
CoH3 Stats
Reddit
Sign in to upload your games and track your stats! →
Sign in with Steam
Match 32061819
Unlisted
Match 32061819
Overview
Messages
Build Orders
End
Kradschützen Motorcycle Team
Panzergrenadier Squad
Panzergrenadier Squad
Selects Battlefield Espionage Battlegroup
Construct Light Support Kompanie
Selects 250/3 Funkpanzerwagen
Fire Support Elements
250/3 Funkpanzerwagen
Flakvierling Half-track
Assault Mechanized Group
2.5-tonne Medical Truck
Construct Panzerarmee Kommand
Selects Advanced Ambush Training
Selects Intel Disruption Beacon
Armored Reserves
Panzer IV Assault Group
TomatoSoup
DaRtH VaDeRX2020
ibraheem.Alpha (A.AX)
Microsoft Office PowerPoint
Microsoft Office Excel
Microsoft Office Word
0
0
Comments
sign in to comment!
No comments posted yet!